 Dungeon Crawl Stone Soup version 0.28-a0-1152-g9c71ebef14 (webtiles) character file.

Game seed: 202286152324822363

409 leviel the Chopper (level 6, -5/52 (56) HPs)
             Began as a Hill Orc Fighter on Dec 15, 2021.
             Slain by Menkaure (16 damage)
             ... on level 4 of the Dungeon.
             The game lasted 00:05:17 (3712 turns).

leviel the Chopper (Hill Orc Fighter)               Turns: 3712, Time: 00:05:17

HP:   -5/52 (56)    AC:  8    Str: 21    XL:     6   Next: 89%
MP:   0/6           EV: 10    Int:  8    God:
Gold: 705           SH:  4    Dex: 10    Spells: 5/5 levels left

rFire   . . .      SeeInvis +   a - +0 war axe (venom)
rCold   + . .      Faith    .   c - +0 buckler
rNeg    . . .      Spirit   +   b - +0 scale mail
rPois   .          Reflect  .   (no helmet)
rElec   .          Harm     .   f - +0 cloak
rCorr   .          Rampage  .   (no gloves)
Will    .....                   (no boots)
Stlth   ..........              q - amulet of guardian spirit
HPRegen 0.17/turn               e - ring of see invisible
MPRegen 0.10/turn               k - ring of protection from cold

@: studying Dodging, drained
A: no striking features
a: no special abilities


You were on level 4 of the Dungeon.
You visited 1 branch of the dungeon, and saw 4 of its levels.

You collected 751 gold pieces.
You spent 46 gold pieces at shops.

Inventory:

Hand Weapons
 a - a +0 war axe of venom (weapon)
Armour
 b - a +0 scale mail (worn)
 c - a +0 buckler (worn)
 f - a +0 cloak (worn)
Jewellery
 e - a ring of see invisible (left hand)
 k - a ring of protection from cold (right hand)
 n - a ring of protection from cold
 p - a +6 ring of intelligence
 q - an amulet of guardian spirit (around neck)
Scrolls
 d - a scroll of noise {unknown}
 h - 5 scrolls of identify {@r1}
 i - a scroll of teleportation
 l - a scroll of enchant armour {unknown}
 m - a scroll of enchant weapon {unknown}
Potions
 g - 2 potions of curing {unknown}
 j - 2 potions of heal wounds


   Skills:
 + Level 5.1 Fighting
 * Level 6.1 Axes
 + Level 4.5 Armour
 + Level 2.7 Dodging
 - Level 4.0 Shields


You had 5 spell levels left.
You didn't know any spells.
Your spell library was empty.

Dungeon Overview and Level Annotations

Branches:
Dungeon (4/15)             Temple (0/1) D:4

Altars:
Zin

Shops:
D:2 *   D:3 [

Annotations:
D:3 1 runed translucent door, Crazy Yiuf
D:4 Menkaure


Message History

You barely miss the hound skeleton. Menkaure misses you.
The hound skeleton misses you. Menkaure closely misses you.
You completely miss Menkaure.
Menkaure is moderately damaged.
You hit the hound skeleton.
The hound skeleton bites you but does no damage.
Menkaure hits you but does no damage. The hound skeleton barely misses you.
You barely miss Menkaure.
Menkaure is moderately damaged.
You hit the dart slug.
The dart slug is poisoned.
You hit the hound skeleton.
You kill the dart slug!
Menkaure points at you and mumbles some strange words.
You barely resist.
The hound skeleton bites you but does no damage.
You hit Menkaure.
Menkaure is moderately damaged.
You barely miss the hound skeleton.
Menkaure calls on the powers of darkness!
Your body is wracked with pain!
The hound skeleton bites you. Menkaure hits you!
* * * LOW HITPOINT WARNING * * *
The hound skeleton completely misses you.
You are too injured to fight recklessly!
You are too injured to fight recklessly!
You are too injured to fight recklessly!
You are too injured to fight recklessly!
You are too injured to fight recklessly!
You are too injured to fight recklessly!
You are too injured to fight recklessly!
You hit Menkaure.
Menkaure is heavily damaged.
You hit the hound skeleton. Menkaure hits you but does no damage.
The hound skeleton bites you.
* * * LOW HITPOINT WARNING * * *
You hit Menkaure.
Menkaure is severely damaged.
You hit the hound skeleton. The hound skeleton bites you.
* * * LOW HITPOINT WARNING * * *
Menkaure hits you!
You die...

..............#
..............#. .<....
.............. . ......
...........# . ......
..........(# .##......
...........# #........
......##...#####........
...>..##...##.##.†......
........#.......@Z...)..
..#.....##....##.M......
#####.###...####.#..8.#.
# #.##.....# ####..#..
#####..#.# .#... #......
. .. #...##.. # . ##.##
#.. ## ...


You could see Menkaure (fast) and a hound skeleton.

Vanquished Creatures
  Sigmund (D:4)
  A centaur skeleton (D:4)
  Jessica (D:3)
  Natasha (twice) (D:3)
  6 adders
  An ufetubus (D:4)
  A worm (D:3)
  4 dart slugs
  An orc (D:4)
  11 ball pythons
  3 bats
  4 endoplasms
  3 giant cockroaches
  8 hobgoblins
  4 jackals (D:1)
  6 quokkas
  6 frilled lizards
  8 goblins
  3 kobolds
  7 rats
81 creatures vanquished.

Vanquished Creatures (others)
  3 fungi (D:3)
3 creatures vanquished.

Grand Total: 84 creatures vanquished

Notes
Turn   | Place    | Note
-------+----------+-------------------------------------------
     0 | D:1      | leviel the Hill Orc Fighter began the quest for the Orb.
     0 | D:1      | Reached XP level 1. HP: 19/19 MP: 1/1
   146 | D:1      | Reached skill level 3 in Axes
   266 | D:1      | Reached XP level 2. HP: 27/27 MP: 2/2
   807 | D:1      | Reached XP level 3. HP: 33/33 MP: 3/3
   823 | D:1      | Found a faded altar of an unknown god.
  1140 | D:2      | Found Juhimigh's Assorted Antiques.
  1151 | D:2      | Bought a scroll labelled QUIBEA HYP ISE for 23 gold pieces
  1151 | D:2      | Bought a scroll labelled TYERPH WEPP for 23 gold pieces
  1156 | D:2      | Identified a scroll of acquirement
  1156 | D:2      | Acquired a manual of Dodging
  1258 | D:2      | Reached skill level 4 in Axes
  1258 | D:2      | Reached XP level 4. HP: 40/40 MP: 4/4
  1681 | D:2      | Acquired 579 gold pieces
  1711 | D:2      | Reached skill level 1 in Dodging
  2246 | D:3      | Found a glowing silver altar of Zin.
  2277 | D:3      | Noticed Jessica
  2287 | D:3      | Killed Jessica
  2288 | D:3      | Reached XP level 5. HP: 42/47 MP: 3/5
  2520 | D:3      | Found Kerus's Antique Armour Shop.
  2923 | D:3      | Found a runed translucent door.
  2924 | D:3      | Noticed Crazy Yiuf
  2947 | D:3      | Noticed Natasha
  2964 | D:3      | Killed Natasha
  3179 | D:3      | Noticed Natasha
  3184 | D:3      | Killed Natasha
  3185 | D:3      | Reached skill level 5 in Axes
  3416 | D:4      | Reached XP level 6. HP: 49/53 MP: 4/6
  3472 | D:4      | Found a staircase to the Ecumenical Temple.
  3475 | D:4      | Noticed Sigmund
  3484 | D:4      | Killed Sigmund
  3485 | D:4      | Reached skill level 5 in Fighting
  3485 | D:4      | Reached skill level 6 in Axes
  3701 | D:4      | Noticed Menkaure
  3712 | D:4      | Slain by Menkaure

Illustrated notes

Levels and vault maps discovered:
D:1:      minmay_arrival_cross, layout_basic, ebering_ecumenical_altar_webs
D:2:      layout_basic, serial_shops, shop_statue, minmay_misc_feat_chi
D:3:      layout_loops_ring, zin_statuary, serial_shops,
          nicolae_shop_statue_plus, supply_closet_lemuel, uniq_jessica,
          uniq_crazy_yiuf_cottage, uniq_natasha
D:4:      layout_cave_pools, minmay_temple_entry_junction,
          lightli_ossuary_entry_decrepit_ruins, uniq_menkaure, uniq_sigmund

Skill      XL: |  1  2  3  4  5  6 |
---------------+-------------------+-----
Axes           | 3 4 5 6 |  6.1
Fighting       | 4 5 |  5.1
Dodging        | 1 2 |  2.7
Armour         | 4 |  4.5
Shields        | 4 |  4.0

Action                   |  1- 3 |  4- 6 || total
-------------------------+-------+-------++-------
Melee: War axe           |    88 |   149 ||   237
  Use: Scroll            |     7 |     2 ||     9
       Potion            |       |     1 ||     1
Armor: Scale mail        |    65 |    59 ||   124
Dodge: Dodged            |    39 |    73 ||   112
Block: Buckler           |    23 |    25 ||    48

Table legend: (Time is in decaauts)
 A = Elapsed time spent in this place.
 B = Non-inter-level travel time spent in this place.
 C = Inter-level travel time spent in this place.
 D = Time resting spent in this place.
 E = Time spent auto-exploring this place.
 F = Levels seen in this place.
 G = Mean time per level.
                   A        B        C        D        E       F      G
               +--------+--------+--------+--------+--------+-----+--------+
         Total |   3780 |   3669 |    111 |    227 |   2790 |   4 |  945.0 |
       Dungeon |   3780 |   3669 |    111 |    227 |   2790 |   4 |  945.0 |
               +--------+--------+--------+--------+--------+-----+--------+

Top non-repeatable levels by time:
     D:1: 1154 daAuts
     D:3: 1145 daAuts
     D:2: 1110 daAuts
     D:4: 369 daAuts
